cohdb
Replays
Latest Replays
All Replays
Popular Replays
Top Player Replays
Match Explorer
How It Works
Community
CoH3 Stats
Reddit
Sign in to upload your games and track your stats! →
Sign in with Steam
Match 46996350
Unlisted
Match 46996350
Overview
Messages
Build Orders
End
Construct Weapon Support Center
Selects Airborne Battlegroup
Selects Pathfinders
Sniper
M1919 Machine Gun Team
Infantry Support Center
M1919 Machine Gun Team
Bazooka Squad
Engineer Squad
Selects Paratrooper Squad Paradrop
Elegant_Downfall
Pepe87
Farsurem
킴스
Spaghettiumborn™
Valieriumborn's Daddy
Palistine IsReal lol
[82AD] PaulGMax
0
0
Comments
sign in to comment!
No comments posted yet!